Heat vs Marlies
(R1)
Created - December 12, 2021 at 22:42
Goals
|
| Heat |
1 |
2 |
3 |
6 |
| Marlies |
0 |
0 |
2 |
2 |
|
Shots
|
| Heat |
11 |
9 |
12 |
32 |
| Marlies |
2 |
14 |
17 |
33 |
|
1st period
1. Heat , Philip Varone 2 (Evgeny Svechnikov 1) at 18:47
Penalties :
Philip Varone (Sto) for Tripping (Minor) at 0:25, Colton Sissons (Tor) for Roughing (Minor) at 19:16
2nd period
2. Heat , Greg Pateryn 1 (Victor Rask 4) at 0:06 (PP)
3. Heat , Matthew Nieto 4 (Kevin Labanc 9, Victor Rask 5) at 7:31
Penalties :
Nick Ritchie (Tor) for Hooking (Minor) at 7:53, Frank Corrado (Sto) for Holding (Minor) at 13:36
3rd period
4. Marlies , Neal Pionk 2 (Nick Ritchie 3, Colton Sissons 2) at 1:07 (PP)
5. Marlies , Logan Brown 3 (Neal Pionk 5) at 2:41
6. Heat , Matthew Nieto 5 (Greg Pateryn 3, Victor Rask 6) at 2:47
7. Heat , Barclay Goodrow 3 (Ryan Spooner 3, Peter Cehlarik 2) at 5:06
8. Heat , Tyler Shattock 4 (Nico Sturm 3, Petteri Lindbohm 2) at 14:33
Penalties :
Rasmus Andersson (Sto) for Hooking (Minor) at 1:04, Colton Sissons (Tor) for Tripping (Minor) at 14:36, Jeff Corbett (Tor) for Boarding (Minor) at 16:30
Goalie Stats
Michael Hutchinson (Sto), 31 saves from 33 shots - (0.939), W, 4-0-0, 60:00 minutes
Charlie Lindgren (Tor), 7 saves from 8 shots - (0.875), 14:54 minutes
Malcolm Subban (Tor), 19 saves from 24 shots - (0.792), L, 3-2-0, 45:06 minutes
Players Stats for Heat
Player Name G A P +/- PIM S H SB GA TA FO MP PP MP PK MP
------------------------------------------------------------------------------------
Barclay Goodrow 1 0 1 1 0 2 4 1 0 0 0/0 10:49 0:19 0:00
Evgeny Svechnikov 0 1 1 1 0 2 0 2 0 0 0/0 17:34 3:10 0:00
Frank Corrado 0 0 0 2 2 0 2 0 0 2 0/0 18:47 2:12 1:02
Greg Pateryn 1 1 2 1 0 2 0 1 2 0 0/0 26:47 4:30 2:04
Jake DeBrusk 0 0 0 1 0 1 0 0 0 1 0/2 18:42 3:10 1:31
Jesper Bratt 0 0 0 1 0 1 1 1 0 0 0/0 9:25 0:00 0:20
John Gilmour 0 0 0 1 0 0 2 0 0 1 0/0 13:44 0:00 0:09
Kevin Labanc 0 1 1 1 0 2 1 1 1 0 1/1 21:01 3:13 1:57
Mathieu Brodeur 0 0 0 1 0 1 0 1 0 0 0/0 25:46 4:30 1:41
Matthew Nieto 2 0 2 1 0 3 4 0 0 0 2/3 21:14 3:13 2:10
Nico Sturm 0 1 1 1 0 2 0 0 0 0 1/2 9:48 0:19 0:00
Peter Cehlarik 0 1 1 1 0 1 2 1 0 0 0/0 10:58 0:00 0:59
Petteri Lindbohm 0 1 1 1 0 2 1 1 0 0 0/0 14:33 0:00 0:58
Philip Varone 1 0 1 1 2 3 1 0 0 0 7/13 17:19 3:10 0:09
Rasmus Andersson 0 0 0 2 2 4 0 1 0 1 0/0 19:50 2:12 2:08
Ryan Spooner 0 1 1 1 0 1 1 0 0 0 0/3 10:39 0:19 0:00
Tyler Shattock 1 0 1 1 0 2 1 0 0 0 0/0 9:05 0:00 0:00
Victor Rask 0 3 3 1 0 3 1 0 0 0 16/34 19:55 3:13 0:56
Players Stats for Marlies
Player Name G A P +/- PIM S H SB GA TA FO MP PP MP PK MP
------------------------------------------------------------------------------------
Aleksi Saarela 0 0 0 -1 0 1 0 0 0 0 2/2 13:04 0:00 2:18
Brett Pesce 0 0 0 -1 0 1 1 0 2 0 0/0 21:24 1:55 2:38
Colton Sissons 0 1 1 -1 4 3 2 0 0 0 16/29 20:09 2:02 1:10
Dennis Gilbert 0 0 0 0 0 0 2 1 0 0 0/0 13:54 0:00 0:54
Jeff Corbett 0 0 0 -1 2 2 1 1 0 0 0/0 19:22 1:55 1:43
Johan Larsson 0 0 0 -1 0 0 0 1 0 0 0/0 12:20 0:04 1:13
JT Compher 0 0 0 0 0 3 2 1 0 0 0/2 16:12 1:55 1:35
Justin Bailey 0 0 0 0 0 2 2 0 1 0 0/0 14:36 1:55 0:00
Linden Vey 0 0 0 -1 0 4 1 1 1 0 8/11 22:47 2:02 4:04
Logan Brown 1 0 1 -2 0 1 2 0 0 0 1/1 8:59 0:00 0:00
Lucas Carlsson 0 0 0 0 0 0 1 1 0 1 0/0 12:07 0:00 0:00
Mathieu Olivier 0 0 0 -2 0 1 2 0 0 0 0/0 9:16 0:04 0:00
Neal Pionk 1 1 2 -3 0 1 1 2 0 0 0/0 26:01 2:06 4:04
Nicholas Baptiste 0 0 0 -1 0 3 2 0 0 1 1/1 11:17 0:04 0:00
Nick Ritchie 0 1 1 -1 2 7 4 0 1 1 0/2 21:50 2:02 2:59
Pavel Zacha 0 0 0 0 0 1 4 1 0 0 3/10 14:35 1:55 0:00
Tim Erixon 0 0 0 -3 0 1 1 0 0 0 0/0 26:12 2:06 4:04
Tyler Benson 0 0 0 -2 0 2 1 0 0 0 0/0 9:04 0:00 0:00
3 Stars
1 - Matthew Nieto (Sto)
2 - Victor Rask (Sto)
3 - Barclay Goodrow (Sto)
Power Play
Heat - 1 on 4 Attempt(s) - 25.00%
Marlies - 1 on 3 Attempt(s) - 33.33%
Penalty Kill
Heat - 2 on 3 Attempt(s) - 66.67%
- Score 0 goal in Penalty Kill
Marlies - 3 on 4 Attempt(s) - 75.00%
- Score 0 goal in Penalty Kill
Team Stat
Heat - Hits : 21 - Faceoff Wins : 27 - Blocked Shots : 10 - Penalty Minutes : 6
Marlies - Hits : 29 - Faceoff Wins : 31 - Blocked Shots : 9 - Penalty Minutes : 8
Official
Referees : Francis Charron and Kendrick Nicholson
Linesman : Andrew Smith and Ryan Galloway
Game Notes
Charlie Lindgren enters game at 5:06 of 3rd period
Finance
Level 1 -- Attendance: 1784 (89.20%) -- Ticket Income $62,440
Level 2 -- Attendance: 861 (86.10%) -- Ticket Income $12,915
Total Attendance: 2645 (88.17%)
Total Ticket Income: $75,355
Other Income: $3,768
Total Income: $79,123
Heat
5 vs 5 Forward
Center Left Wing Right Wing Time % Phy DF OF
1 Victor Rask Matthew Nieto Kevin Labanc 40 1 2 2
2 Philip Varone Jake DeBrusk Evgeny Svechnikov 30 1 2 2
3 Ryan Spooner Peter Cehlarik Barclay Goodrow 20 1 2 2
4 Nico Sturm Jesper Bratt Tyler Shattock 10 1 2 2
5 vs 5 Defense
Defense Defense Time % Phy DF OF
1 Mathieu Brodeur Greg Pateryn 40 1 2 2
2 Rasmus Andersson Frank Corrado 30 1 2 2
3 John Gilmour Petteri Lindbohm 20 1 2 2
4 Mathieu Brodeur Greg Pateryn 10 1 2 2
PowerPlay Forward
Center Left Wing Right Wing Time % Phy DF OF
1 Victor Rask Matthew Nieto Kevin Labanc 60 1 2 2
2 Philip Varone Jake DeBrusk Evgeny Svechnikov 40 1 2 2
PowerPlay Defense
Defense Defense Time % Phy DF OF
1 Mathieu Brodeur Greg Pateryn 60 1 2 2
2 Rasmus Andersson Frank Corrado 40 1 2 2
Penalty Kill 4 Players Forward
Center Wing Time % Phy DF OF
1 Matthew Nieto Kevin Labanc 60 1 2 2
2 Jake DeBrusk Victor Rask 40 1 2 2
Penalty Kill 4 Players Defense
Defense Defense Time % Phy DF OF
1 Mathieu Brodeur Greg Pateryn 60 1 2 2
2 Rasmus Andersson Frank Corrado 40 1 2 2
Penalty Kill - 3 Players Forward
Forward Time % Phy DF OF
1 Matthew Nieto 60 1 2 2
2 Kevin Labanc 40 1 2 2
Penalty Kill - 3 Players Defense
Defense Defense Time % Phy DF OF
1 Mathieu Brodeur Greg Pateryn 60 1 2 2
2 Rasmus Andersson Frank Corrado 40 1 2 2
4 vs 4 Forward
Center Wing Time % Phy DF OF
1 Matthew Nieto Kevin Labanc 60 1 2 2
2 Jake DeBrusk Victor Rask 40 1 2 2
4 vs 4 Defense
Defense Defense Time % Phy DF OF
1 Mathieu Brodeur Greg Pateryn 60 1 2 2
2 Rasmus Andersson Frank Corrado 40 1 2 2
Last Minutes Offensive
Center Left Wing Right Wing Defense Defense
Victor Rask Matthew Nieto Kevin Labanc Mathieu Brodeur Greg Pateryn
Last Minutes Defensive
Center Left Wing Right Wing Defense Defense
Victor Rask Matthew Nieto Kevin Labanc Mathieu Brodeur Greg Pateryn
Goaltenders
Starting : Michael Hutchinson
Backup : Nathan Lieuwen
Extra Forwards
Normal : Ryan Spooner, Nico Sturm, Peter Cehlarik - PP : Ryan Spooner, Nico Sturm - PK : Peter Cehlarik
Extra Defensemen
Normal : John Gilmour, Petteri Lindbohm, Rasmus Andersson - PP : John Gilmour - PK : Petteri Lindbohm, Rasmus Andersson
Penalty Shots
Matthew Nieto, Kevin Labanc, Jake DeBrusk, Victor Rask, Evgeny Svechnikov
Scratches
Alexander True (Healthy), Brandon Hickey (Healthy), Chris Brown (Healthy), Christian Jaros (Healthy), Dominik Masin (Healthy)
Eric Karlsson (Healthy), Ryan Donato (Healthy), Trevor Carrick (Healthy), Vladislav Kamenev (Healthy), Tage Thompson (Healthy)
Radim Zohorna (Healthy), Vitek Vanecek (Healthy), Collin Delia (Healthy)
Marlies
5 vs 5 Forward
Center Left Wing Right Wing Time % Phy DF OF
1 Colton Sissons Nick Ritchie Linden Vey 40 1 2 2
2 Pavel Zacha JT Compher Justin Bailey 30 1 2 2
3 Aleksi Saarela Johan Larsson Nicholas Baptiste 20 1 2 2
4 Logan Brown Tyler Benson Mathieu Olivier 10 1 2 2
5 vs 5 Defense
Defense Defense Time % Phy DF OF
1 Tim Erixon Neal Pionk 40 1 2 2
2 Brett Pesce Jeff Corbett 30 1 2 2
3 Lucas Carlsson Dennis Gilbert 20 1 2 2
4 Tim Erixon Neal Pionk 10 1 2 2
PowerPlay Forward
Center Left Wing Right Wing Time % Phy DF OF
1 Colton Sissons Nick Ritchie Linden Vey 60 1 2 2
2 Pavel Zacha JT Compher Justin Bailey 40 1 2 2
PowerPlay Defense
Defense Defense Time % Phy DF OF
1 Tim Erixon Neal Pionk 60 1 2 2
2 Brett Pesce Jeff Corbett 40 1 2 2
Penalty Kill 4 Players Forward
Center Wing Time % Phy DF OF
1 Linden Vey Nick Ritchie 60 1 2 2
2 JT Compher Colton Sissons 40 1 2 2
Penalty Kill 4 Players Defense
Defense Defense Time % Phy DF OF
1 Tim Erixon Neal Pionk 60 1 2 2
2 Brett Pesce Jeff Corbett 40 1 2 2
Penalty Kill - 3 Players Forward
Forward Time % Phy DF OF
1 Linden Vey 60 1 2 2
2 Nick Ritchie 40 1 2 2
Penalty Kill - 3 Players Defense
Defense Defense Time % Phy DF OF
1 Tim Erixon Neal Pionk 60 1 2 2
2 Brett Pesce Jeff Corbett 40 1 2 2
4 vs 4 Forward
Center Wing Time % Phy DF OF
1 Linden Vey Nick Ritchie 60 1 2 2
2 JT Compher Colton Sissons 40 1 2 2
4 vs 4 Defense
Defense Defense Time % Phy DF OF
1 Tim Erixon Neal Pionk 60 1 2 2
2 Brett Pesce Jeff Corbett 40 1 2 2
Last Minutes Offensive
Center Left Wing Right Wing Defense Defense
Colton Sissons Nick Ritchie Linden Vey Tim Erixon Neal Pionk
Last Minutes Defensive
Center Left Wing Right Wing Defense Defense
Colton Sissons Nick Ritchie Linden Vey Tim Erixon Neal Pionk
Goaltenders
Starting : Malcolm Subban
Backup : Charlie Lindgren
Extra Forwards
Normal : Nicholas Baptiste, Johan Larsson, Aleksi Saarela - PP : Nicholas Baptiste, Johan Larsson - PK : Aleksi Saarela
Extra Defensemen
Normal : Lucas Carlsson, Dennis Gilbert, Brett Pesce - PP : Lucas Carlsson - PK : Dennis Gilbert, Brett Pesce
Penalty Shots
Linden Vey, Nick Ritchie, JT Compher, Colton Sissons, Pavel Zacha
Scratches
Brycen Martin (Healthy), Henri Ikonen (Healthy), Jaden Lindo (Healthy), Jakob Forsbacka-Karlsson (Healthy), Radovan Bondra (Healthy)
Shane Prince (Healthy), Simon Bourque (Healthy), Zack MacEwen (Healthy), Otto Koivula (Healthy), Jamie Phillips (Healthy)
% Time on Ice - Heat
Lines # - Real PCT - Wanted PCT - Time Play
Normal Forward
1 - 33% - 40% - 16:12
2 - 28% - 30% - 14:01
3 - 20% - 20% - 9:59
4 - 18% - 10% - 9:05
Normal Defense
1 - 36% - 40% - 17:58
2 - 34% - 30% - 16:43
3 - 26% - 20% - 12:42
4 - 4% - 10% - 1:54
PP Forward
1 - 53% - 60% - 3:32
2 - 47% - 40% - 3:10
PP Defense
1 - 67% - 60% - 4:30
2 - 33% - 40% - 2:12
PK Forward
1 - 77% - 60% - 3:05
2 - 23% - 40% - 0:56
PK Defense
1 - 42% - 60% - 1:41
2 - 58% - 40% - 2:20
PK3 Forward
1 - 0% - 60%
2 - 0% - 40%
PK3 Defense
1 - 0% - 60%
2 - 0% - 40%
44 Forward
1 - 0% - 60%
2 - 0% - 40%
44 Defense
1 - 0% - 60%
2 - 0% - 40%
Last Minute Offensive - 0:00
Last Minute Defensive - 0:00
Total
Forward - 60:00
Defense - 60:00
|
% Time on Ice - Marlies
Lines # - Real PCT - Wanted PCT - Time Play
Normal Forward
1 - 35% - 40% - 17:28
2 - 26% - 30% - 12:46
3 - 21% - 20% - 10:26
4 - 17% - 10% - 8:37
Normal Defense
1 - 37% - 40% - 18:26
2 - 33% - 30% - 16:16
3 - 25% - 20% - 12:19
4 - 5% - 10% - 2:16
PP Forward
1 - 52% - 60% - 2:06
2 - 48% - 40% - 1:55
PP Defense
1 - 52% - 60% - 2:06
2 - 48% - 40% - 1:55
PK Forward
1 - 86% - 60% - 5:40
2 - 14% - 40% - 0:57
PK Defense
1 - 60% - 60% - 3:59
2 - 40% - 40% - 2:38
PK3 Forward
1 - 100% - 60% - 0:05
2 - 0% - 40% - 0:00
PK3 Defense
1 - 100% - 60% - 0:05
2 - 0% - 40% - 0:00
44 Forward
1 - 0% - 60%
2 - 0% - 40%
44 Defense
1 - 0% - 60%
2 - 0% - 40%
Last Minute Offensive - 0:00
Last Minute Defensive - 0:00
Total
Forward - 60:00
Defense - 60:00
|
Play-by-Play
1st period
0:01 of 1st period - Colton Sissons wins face-off versus Victor Rask in neutral zone.
0:25 of 1st period - Minor Penalty to Philip Varone for Tripping.
0:26 of 1st period - Matthew Nieto wins face-off versus Colton Sissons in Heat zone.
0:52 of 1st period - Neal Pionk is hit by Matthew Nieto and loses puck.
1:13 of 1st period - Colton Sissons is hit by Matthew Nieto and loses puck.
2:00 of 1st period - Victor Rask is hit by Pavel Zacha and loses puck.
2:25 of 1st period - Penalty to Philip Varone is over, Philip Varone is back on ice.
2:48 of 1st period - Neal Pionk is hit by Peter Cehlarik and loses puck.
3:03 of 1st period - Nicholas Baptiste is hit by Philip Varone and loses puck.
3:39 of 1st period - Jeff Corbett is hit by Victor Rask and loses puck.
3:52 of 1st period - Slapshot by Brett Pesce.
3:52 of 1st period - Deflect By Mathieu Olivier.
3:52 of 1st period - Stopped by Michael Hutchinson with a rebound.
4:41 of 1st period - Icing by Greg Pateryn.
4:42 of 1st period - Aleksi Saarela wins face-off versus Ryan Spooner in Heat zone.
5:03 of 1st period - Tim Erixon is hit by Matthew Nieto and loses puck.
5:10 of 1st period - Snap shot by Matthew Nieto.
5:10 of 1st period - Stopped by Malcolm Subban without a rebound.
5:11 of 1st period - Victor Rask wins face-off versus Colton Sissons in Marlies zone.
5:14 of 1st period - Snap shot by Victor Rask.
5:14 of 1st period - Stopped by Malcolm Subban without a rebound.
5:15 of 1st period - Victor Rask wins face-off versus Linden Vey in Marlies zone.
5:43 of 1st period - Wrist shot by Jake DeBrusk.
5:43 of 1st period - Deflect By Evgeny Svechnikov.
5:43 of 1st period - Shot Misses the Net.
5:43 of 1st period - Puck is out of play.
5:44 of 1st period - Philip Varone wins face-off versus Pavel Zacha in Marlies zone.
6:07 of 1st period - Snap shot by Justin Bailey.
6:07 of 1st period - Deflect By JT Compher.
6:07 of 1st period - Shot Misses the Net.
6:07 of 1st period - Puck is out of play.
6:08 of 1st period - Linden Vey wins face-off versus Victor Rask in Heat zone.
6:19 of 1st period - Snap shot by Nick Ritchie.
6:19 of 1st period - Shot Blocked by Rasmus Andersson.
6:58 of 1st period - Snap shot by Kevin Labanc.
6:58 of 1st period - Stopped by Malcolm Subban without a rebound.
6:59 of 1st period - Philip Varone wins face-off versus Pavel Zacha in Marlies zone.
7:02 of 1st period - Snap shot by Jake DeBrusk.
7:02 of 1st period - Shot Misses the Net.
7:08 of 1st period - Snap shot by Philip Varone.
7:08 of 1st period - Deflect By Evgeny Svechnikov.
7:08 of 1st period - Stopped by Malcolm Subban with a rebound.
7:10 of 1st period - Snap shot by Mathieu Brodeur.
7:10 of 1st period - Shot Misses the Net.
7:12 of 1st period - Slapshot by Greg Pateryn.
7:12 of 1st period - Stopped by Malcolm Subban with a rebound.
7:14 of 1st period - Snap shot by Philip Varone.
7:14 of 1st period - Shot Misses the Net.
7:26 of 1st period - Tim Erixon is hit by Barclay Goodrow and loses puck.
9:04 of 1st period - Slapshot by Rasmus Andersson.
9:04 of 1st period - Stopped by Malcolm Subban with a rebound.
9:46 of 1st period - Frank Corrado is hit by Tyler Benson and loses puck.
10:05 of 1st period - Snap shot by Tyler Benson.
10:05 of 1st period - Shot Blocked by Jesper Bratt.
10:07 of 1st period - Backhand shot by Jeff Corbett.
10:07 of 1st period - Stopped by Michael Hutchinson without a rebound.
10:08 of 1st period - Colton Sissons wins face-off versus Victor Rask in Heat zone.
10:09 of 1st period - Slapshot by Nick Ritchie.
10:09 of 1st period - Shot Misses the Net.
10:15 of 1st period - Colton Sissons is hit by Kevin Labanc and loses puck.
10:34 of 1st period - Mathieu Brodeur is hit by Pavel Zacha and loses puck.
12:05 of 1st period - Petteri Lindbohm is hit by Nick Ritchie and loses puck.
12:18 of 1st period - Evgeny Svechnikov is hit by Neal Pionk and loses puck.
12:37 of 1st period - Barclay Goodrow is hit by Nicholas Baptiste and loses puck.
12:58 of 1st period - Dennis Gilbert is hit by Frank Corrado and loses puck.
14:18 of 1st period - Tyler Shattock is hit by Colton Sissons and loses puck.
16:11 of 1st period - Tim Erixon is hit by Frank Corrado and loses puck.
17:10 of 1st period - Nico Sturm is hit by Nicholas Baptiste and loses puck.
17:45 of 1st period - Neal Pionk is hit by John Gilmour and loses puck.
18:02 of 1st period - Backhand shot by Mathieu Brodeur.
18:02 of 1st period - Deflect By Tyler Shattock.
18:02 of 1st period - Stopped by Malcolm Subban without a rebound.
18:03 of 1st period - Colton Sissons wins face-off versus Nico Sturm in Marlies zone.
18:28 of 1st period - Victor Rask is hit by JT Compher and loses puck.
18:45 of 1st period - Wrist shot by Philip Varone.
18:45 of 1st period - Shot Misses the Net.
18:47 of 1st period - Wrist shot by Philip Varone.
18:47 of 1st period - Goal by Philip Varone - Heat : 1 - Marlies : 0.
18:48 of 1st period - Victor Rask wins face-off versus Colton Sissons in neutral zone.
18:54 of 1st period - Slapshot by Mathieu Brodeur.
18:54 of 1st period - Deflect By Kevin Labanc.
18:54 of 1st period - Stopped by Malcolm Subban without a rebound.
18:55 of 1st period - Victor Rask wins face-off versus Colton Sissons in Marlies zone.
19:16 of 1st period - Minor Penalty to Colton Sissons for Roughing.
19:17 of 1st period - Linden Vey wins face-off versus Victor Rask in Marlies zone.
19:45 of 1st period - Backhand shot by Philip Varone.
19:45 of 1st period - Stopped by Malcolm Subban with a rebound.
19:47 of 1st period - Slapshot by Rasmus Andersson.
19:47 of 1st period - Deflect By Neal Pionk.
19:47 of 1st period - Stopped by Malcolm Subban without a rebound.
19:48 of 1st period - Linden Vey wins face-off versus Jake DeBrusk in Marlies zone.
19:54 of 1st period - Icing by Philip Varone.
19:55 of 1st period - Linden Vey wins face-off versus Philip Varone in Heat zone.
19:56 of 1st period - Snap shot by Nick Ritchie.
19:56 of 1st period - Shot Misses the Net.
Goals for this period are 1 for Heat vs 0 for Marlies.
Shots for this period are 11 for Heat vs 2 for Marlies.
2nd period
0:01 of 2nd period - Victor Rask wins face-off versus Linden Vey in neutral zone.
0:06 of 2nd period - Slapshot by Greg Pateryn.
0:06 of 2nd period - Goal by Greg Pateryn - Heat : 2 - Marlies : 0.
0:07 of 2nd period - Victor Rask wins face-off versus Colton Sissons in neutral zone.
0:34 of 2nd period - Philip Varone is hit by Justin Bailey and loses puck.
1:35 of 2nd period - Icing by John Gilmour.
1:36 of 2nd period - Victor Rask wins face-off versus Colton Sissons in Heat zone.
1:36 of 2nd period - Victor Rask is hit by Tim Erixon.
2:12 of 2nd period - Slapshot by Aleksi Saarela.
2:12 of 2nd period - Shot Misses the Net.
2:14 of 2nd period - Snap shot by Aleksi Saarela.
2:14 of 2nd period - Shot Blocked by Petteri Lindbohm.
2:16 of 2nd period - Slapshot by Johan Larsson.
2:16 of 2nd period - Shot Misses the Net.
2:33 of 2nd period - Matthew Nieto is hit by Pavel Zacha and loses puck.
2:48 of 2nd period - Dennis Gilbert is hit by Tyler Shattock and loses puck.
3:26 of 2nd period - Wrist shot by Ryan Spooner.
3:26 of 2nd period - Shot Misses the Net.
3:50 of 2nd period - Snap shot by Justin Bailey.
3:50 of 2nd period - Stopped by Michael Hutchinson with a rebound.
3:54 of 2nd period - Backhand shot by Pavel Zacha.
3:54 of 2nd period - Shot Misses the Net.
4:01 of 2nd period - Slapshot by Brett Pesce.
4:01 of 2nd period - Stopped by Michael Hutchinson with a rebound.
4:11 of 2nd period - Slapshot by Mathieu Brodeur.
4:11 of 2nd period - Shot Blocked by Neal Pionk.
4:43 of 2nd period - Snap shot by Tyler Benson.
4:43 of 2nd period - Stopped by Michael Hutchinson without a rebound.
4:44 of 2nd period - Victor Rask wins face-off versus Pavel Zacha in Heat zone.
4:53 of 2nd period - Wrist shot by Rasmus Andersson.
4:53 of 2nd period - Stopped by Malcolm Subban with a rebound.
5:09 of 2nd period - Rasmus Andersson is hit by Nick Ritchie and loses puck.
5:20 of 2nd period - Wrist shot by Linden Vey.
5:20 of 2nd period - Deflect By Jake DeBrusk.
5:20 of 2nd period - Shot Misses the Net.
5:20 of 2nd period - Puck is out of play.
5:21 of 2nd period - Colton Sissons wins face-off versus Victor Rask in Heat zone.
5:48 of 2nd period - Snap shot by JT Compher.
5:48 of 2nd period - Stopped by Michael Hutchinson with a rebound.
5:50 of 2nd period - Slapshot by Jeff Corbett.
5:50 of 2nd period - Shot Misses the Net.
5:52 of 2nd period - Slapshot by JT Compher.
5:52 of 2nd period - Stopped by Michael Hutchinson with a rebound.
5:54 of 2nd period - Slapshot by Brett Pesce.
5:54 of 2nd period - Shot Blocked by Evgeny Svechnikov.
5:56 of 2nd period - Slapshot by Justin Bailey.
5:56 of 2nd period - Shot Blocked by Mathieu Brodeur.
6:06 of 2nd period - Slapshot by Greg Pateryn.
6:06 of 2nd period - Shot Misses the Net.
6:10 of 2nd period - Snap shot by Peter Cehlarik.
6:10 of 2nd period - Shot Misses the Net.
6:12 of 2nd period - Snap shot by Mathieu Brodeur.
6:12 of 2nd period - Stopped by Malcolm Subban with a rebound.
6:14 of 2nd period - Slapshot by Ryan Spooner.
6:14 of 2nd period - Deflect By Barclay Goodrow.
6:14 of 2nd period - Stopped by Malcolm Subban without a rebound.
6:15 of 2nd period - Colton Sissons wins face-off versus Victor Rask in Marlies zone.
6:20 of 2nd period - Frank Corrado is hit by Nick Ritchie.
7:23 of 2nd period - Wrist shot by Matthew Nieto.
7:23 of 2nd period - Shot Misses the Net.
7:25 of 2nd period - Slapshot by Petteri Lindbohm.
7:25 of 2nd period - Stopped by Malcolm Subban with a rebound.
7:27 of 2nd period - Wrist shot by Victor Rask.
7:27 of 2nd period - Shot Blocked by Jeff Corbett.
7:29 of 2nd period - Wrist shot by Kevin Labanc.
7:29 of 2nd period - Shot Misses the Net.
7:31 of 2nd period - Wrist shot by Matthew Nieto.
7:31 of 2nd period - Goal by Matthew Nieto - Heat : 3 - Marlies : 0.
7:32 of 2nd period - Victor Rask wins face-off versus Nick Ritchie in neutral zone.
7:53 of 2nd period - Minor Penalty to Nick Ritchie for Hooking.
7:54 of 2nd period - Linden Vey wins face-off versus Victor Rask in Marlies zone.
9:53 of 2nd period - Penalty to Nick Ritchie is over, Nick Ritchie is back on ice.
10:45 of 2nd period - Pavel Zacha is hit by Peter Cehlarik.
10:49 of 2nd period - Snap shot by Pavel Zacha.
10:49 of 2nd period - Stopped by Michael Hutchinson with a rebound.
11:25 of 2nd period - Nico Sturm is hit by Colton Sissons and loses puck.
12:10 of 2nd period - Wrist shot by Nicholas Baptiste.
12:10 of 2nd period - Shot Misses the Net.
12:58 of 2nd period - Victor Rask is hit by Mathieu Olivier and loses puck.
13:05 of 2nd period - Frank Corrado is hit by Mathieu Olivier.
13:23 of 2nd period - Snap shot by Nicholas Baptiste.
13:23 of 2nd period - Stopped by Michael Hutchinson without a rebound.
13:24 of 2nd period - Colton Sissons wins face-off versus Philip Varone in Heat zone.
13:36 of 2nd period - Minor Penalty to Frank Corrado for Holding.
13:37 of 2nd period - Matthew Nieto wins face-off versus Colton Sissons in Heat zone.
13:45 of 2nd period - Kevin Labanc is hit by Nick Ritchie and loses puck.
15:15 of 2nd period - Rasmus Andersson is hit by Brett Pesce and loses puck.
15:36 of 2nd period - Penalty to Frank Corrado is over, Frank Corrado is back on ice.
16:06 of 2nd period - Wrist shot by Ryan Spooner.
16:06 of 2nd period - Stopped by Malcolm Subban without a rebound.
16:07 of 2nd period - Logan Brown wins face-off versus Ryan Spooner in Marlies zone.
16:07 of 2nd period - Logan Brown is hit by Barclay Goodrow.
16:39 of 2nd period - Wrist shot by Nicholas Baptiste.
16:39 of 2nd period - Stopped by Michael Hutchinson without a rebound.
16:40 of 2nd period - Colton Sissons wins face-off versus Victor Rask in Heat zone.
16:49 of 2nd period - Snap shot by Nick Ritchie.
16:49 of 2nd period - Stopped by Michael Hutchinson without a rebound.
16:50 of 2nd period - Victor Rask wins face-off versus Colton Sissons in Heat zone.
17:06 of 2nd period - Icing by Colton Sissons.
17:07 of 2nd period - Philip Varone wins face-off versus Colton Sissons in Marlies zone.
17:18 of 2nd period - Snap shot by Colton Sissons.
17:18 of 2nd period - Stopped by Michael Hutchinson with a rebound.
17:20 of 2nd period - Wrist shot by Nick Ritchie.
17:20 of 2nd period - Stopped by Michael Hutchinson without a rebound.
17:21 of 2nd period - Victor Rask wins face-off versus Pavel Zacha in Heat zone.
17:28 of 2nd period - Slapshot by Greg Pateryn.
17:28 of 2nd period - Shot Misses the Net.
17:46 of 2nd period - Snap shot by Nicholas Baptiste.
17:46 of 2nd period - Shot Misses the Net.
17:48 of 2nd period - Slapshot by Jeff Corbett.
17:48 of 2nd period - Shot Blocked by Greg Pateryn.
17:50 of 2nd period - Slapshot by Nicholas Baptiste.
17:50 of 2nd period - Stopped by Michael Hutchinson with a rebound.
17:52 of 2nd period - Slapshot by Jeff Corbett.
17:52 of 2nd period - Stopped by Michael Hutchinson without a rebound.
17:53 of 2nd period - Nicholas Baptiste wins face-off versus Philip Varone in Heat zone.
17:54 of 2nd period - Wrist shot by Johan Larsson.
17:54 of 2nd period - Shot Misses the Net.
18:58 of 2nd period - Brett Pesce is hit by Jesper Bratt and loses puck.
19:17 of 2nd period - Icing by Greg Pateryn.
19:18 of 2nd period - Nico Sturm wins face-off versus Pavel Zacha in Heat zone.
19:27 of 2nd period - Snap shot by Jesper Bratt.
19:27 of 2nd period - Stopped by Malcolm Subban without a rebound.
19:28 of 2nd period - Victor Rask wins face-off versus JT Compher in Marlies zone.
19:33 of 2nd period - Backhand shot by Victor Rask.
19:33 of 2nd period - Stopped by Malcolm Subban without a rebound.
19:34 of 2nd period - Colton Sissons wins face-off versus Victor Rask in Marlies zone.
19:49 of 2nd period - Snap shot by Nick Ritchie.
19:49 of 2nd period - Stopped by Michael Hutchinson without a rebound.
19:50 of 2nd period - Pavel Zacha wins face-off versus Jake DeBrusk in Heat zone.
Goals for this period are 2 for Heat vs 0 for Marlies.
Shots for this period are 9 for Heat vs 14 for Marlies.
3rd period
0:01 of 3rd period - Colton Sissons wins face-off versus Victor Rask in neutral zone.
0:33 of 3rd period - Slapshot by JT Compher.
0:33 of 3rd period - Stopped by Michael Hutchinson with a rebound.
0:35 of 3rd period - Snap shot by Pavel Zacha.
0:35 of 3rd period - Shot Misses the Net.
0:37 of 3rd period - Snap shot by Justin Bailey.
0:37 of 3rd period - Stopped by Michael Hutchinson with a rebound.
0:39 of 3rd period - Snap shot by JT Compher.
0:39 of 3rd period - Shot Blocked by Evgeny Svechnikov.
0:41 of 3rd period - Slapshot by Tim Erixon.
0:41 of 3rd period - Stopped by Michael Hutchinson with a rebound.
1:01 of 3rd period - Wrist shot by Aleksi Saarela.
1:01 of 3rd period - Stopped by Michael Hutchinson without a rebound.
1:02 of 3rd period - Victor Rask wins face-off versus Colton Sissons in Heat zone.
1:04 of 3rd period - Minor Penalty to Rasmus Andersson for Hooking.
1:05 of 3rd period - Colton Sissons wins face-off versus Matthew Nieto in Heat zone.
1:07 of 3rd period - Slapshot by Neal Pionk.
1:07 of 3rd period - Goal by Neal Pionk - Heat : 3 - Marlies : 1.
1:08 of 3rd period - Kevin Labanc wins face-off versus Colton Sissons in neutral zone.
1:37 of 3rd period - Off-side.
1:38 of 3rd period - Pavel Zacha wins face-off versus Philip Varone in neutral zone.
1:45 of 3rd period - Snap shot by Evgeny Svechnikov.
1:45 of 3rd period - Shot Misses the Net.
2:01 of 3rd period - Slapshot by Philip Varone.
2:01 of 3rd period - Shot Blocked by JT Compher.
2:05 of 3rd period - Snap shot by Jake DeBrusk.
2:05 of 3rd period - Shot Blocked by Pavel Zacha.
2:07 of 3rd period - Wrist shot by Philip Varone.
2:07 of 3rd period - Stopped by Malcolm Subban with a rebound.
2:09 of 3rd period - Wrist shot by Evgeny Svechnikov.
2:09 of 3rd period - Stopped by Malcolm Subban without a rebound.
2:10 of 3rd period - Colton Sissons wins face-off versus Victor Rask in Marlies zone.
2:37 of 3rd period - Victor Rask is hit by Logan Brown.
2:41 of 3rd period - Wrist shot by Logan Brown.
2:41 of 3rd period - Goal by Logan Brown - Heat : 3 - Marlies : 2.
2:42 of 3rd period - Victor Rask wins face-off versus Nick Ritchie in neutral zone.
2:45 of 3rd period - Backhand shot by Greg Pateryn.
2:45 of 3rd period - Shot Blocked by Neal Pionk.
2:47 of 3rd period - Snap shot by Matthew Nieto.
2:47 of 3rd period - Goal by Matthew Nieto - Heat : 4 - Marlies : 2.
2:48 of 3rd period - Colton Sissons wins face-off versus Victor Rask in neutral zone.
2:59 of 3rd period - Wrist shot by Nick Ritchie.
2:59 of 3rd period - Stopped by Michael Hutchinson with a rebound.
3:01 of 3rd period - Snap shot by Colton Sissons.
3:01 of 3rd period - Shot Misses the Net.
3:03 of 3rd period - Slapshot by Neal Pionk.
3:03 of 3rd period - Deflect By Nick Ritchie.
3:03 of 3rd period - Stopped by Michael Hutchinson with a rebound.
3:10 of 3rd period - Icing by Mathieu Brodeur.
3:11 of 3rd period - Philip Varone wins face-off versus Pavel Zacha in Heat zone.
3:11 of 3rd period - Philip Varone is hit by Pavel Zacha.
3:20 of 3rd period - Mathieu Brodeur is hit by Jeff Corbett and loses puck.
4:04 of 3rd period - Slapshot by Brett Pesce.
4:04 of 3rd period - Shot Misses the Net.
4:06 of 3rd period - Slapshot by Colton Sissons.
4:06 of 3rd period - Shot Misses the Net.
4:10 of 3rd period - Wrist shot by Nick Ritchie.
4:10 of 3rd period - Stopped by Michael Hutchinson without a rebound.
4:11 of 3rd period - Colton Sissons wins face-off versus Philip Varone in Heat zone.
5:01 of 3rd period - Logan Brown is hit by Petteri Lindbohm and loses puck.
5:06 of 3rd period - Slapshot by Ryan Spooner.
5:06 of 3rd period - Deflect By Barclay Goodrow.
5:06 of 3rd period - Goal by Barclay Goodrow - Heat : 5 - Marlies : 2.
5:06 of 3rd period - Charlie Lindgren enters game.
5:07 of 3rd period - Colton Sissons wins face-off versus Victor Rask in neutral zone.
5:45 of 3rd period - Evgeny Svechnikov is hit by Justin Bailey and loses puck.
6:20 of 3rd period - Snap shot by Linden Vey.
6:20 of 3rd period - Stopped by Michael Hutchinson with a rebound.
6:22 of 3rd period - Slapshot by Lucas Carlsson.
6:22 of 3rd period - Shot Blocked by Peter Cehlarik.
6:24 of 3rd period - Slapshot by Dennis Gilbert.
6:24 of 3rd period - Shot Blocked by Barclay Goodrow.
6:26 of 3rd period - Snap shot by Nick Ritchie.
6:26 of 3rd period - Shot Misses the Net.
6:28 of 3rd period - Snap shot by Colton Sissons.
6:28 of 3rd period - Shot Misses the Net.
6:30 of 3rd period - Snap shot by Colton Sissons.
6:30 of 3rd period - Stopped by Michael Hutchinson without a rebound.
6:31 of 3rd period - Victor Rask wins face-off versus Pavel Zacha in Heat zone.
6:38 of 3rd period - Snap shot by Kevin Labanc.
6:38 of 3rd period - Shot Hit the Post.
6:40 of 3rd period - Wrist shot by Victor Rask.
6:40 of 3rd period - Stopped by Charlie Lindgren with a rebound.
7:27 of 3rd period - Slapshot by Petteri Lindbohm.
7:27 of 3rd period - Stopped by Charlie Lindgren with a rebound.
7:39 of 3rd period - Victor Rask is hit by Logan Brown and loses puck.
7:46 of 3rd period - Snap shot by Tyler Benson.
7:46 of 3rd period - Stopped by Michael Hutchinson without a rebound.
7:47 of 3rd period - Colton Sissons wins face-off versus Philip Varone in Heat zone.
7:50 of 3rd period - Slapshot by Nick Ritchie.
7:50 of 3rd period - Deflect By Philip Varone.
7:50 of 3rd period - Shot Misses the Net.
7:50 of 3rd period - Puck is out of play.
7:51 of 3rd period - Philip Varone wins face-off versus Colton Sissons in Heat zone.
7:51 of 3rd period - Philip Varone is hit by Lucas Carlsson.
7:59 of 3rd period - Wrist shot by Rasmus Andersson.
7:59 of 3rd period - Stopped by Charlie Lindgren with a rebound.
8:43 of 3rd period - Ryan Spooner is hit by Dennis Gilbert and loses puck.
9:02 of 3rd period - Snap shot by Tyler Shattock.
9:02 of 3rd period - Shot Misses the Net.
9:04 of 3rd period - Snap shot by Nico Sturm.
9:04 of 3rd period - Shot Blocked by Lucas Carlsson.
9:06 of 3rd period - Slapshot by John Gilmour.
9:06 of 3rd period - Shot Blocked by Dennis Gilbert.
9:24 of 3rd period - Icing by Philip Varone.
9:25 of 3rd period - Philip Varone wins face-off versus Colton Sissons in Heat zone.
9:52 of 3rd period - Evgeny Svechnikov is hit by Linden Vey and loses puck.
10:01 of 3rd period - Snap shot by Philip Varone.
10:01 of 3rd period - Shot Blocked by Linden Vey.
10:09 of 3rd period - Wrist shot by Linden Vey.
10:09 of 3rd period - Stopped by Michael Hutchinson with a rebound.
10:11 of 3rd period - Snap shot by Nick Ritchie.
10:11 of 3rd period - Shot Misses the Net.
10:47 of 3rd period - Wrist shot by Colton Sissons.
10:47 of 3rd period - Stopped by Michael Hutchinson with a rebound.
11:01 of 3rd period - Snap shot by Nick Ritchie.
11:01 of 3rd period - Stopped by Michael Hutchinson with a rebound.
11:13 of 3rd period - Snap shot by Philip Varone.
11:13 of 3rd period - Shot Misses the Net.
11:21 of 3rd period - Snap shot by Linden Vey.
11:21 of 3rd period - Stopped by Michael Hutchinson without a rebound.
11:22 of 3rd period - Pavel Zacha wins face-off versus Victor Rask in Heat zone.
11:23 of 3rd period - Slapshot by Justin Bailey.
11:23 of 3rd period - Shot Blocked by Kevin Labanc.
11:47 of 3rd period - Brett Pesce is hit by Ryan Spooner and loses puck.
12:40 of 3rd period - Slapshot by Ryan Spooner.
12:40 of 3rd period - Shot Blocked by Johan Larsson.
12:42 of 3rd period - Wrist shot by Ryan Spooner.
12:42 of 3rd period - Shot Misses the Net.
12:44 of 3rd period - Wrist shot by Peter Cehlarik.
12:44 of 3rd period - Stopped by Charlie Lindgren without a rebound.
12:45 of 3rd period - Aleksi Saarela wins face-off versus Ryan Spooner in Marlies zone.
12:45 of 3rd period - Aleksi Saarela is hit by John Gilmour.
13:18 of 3rd period - Victor Rask is hit by JT Compher.
13:32 of 3rd period - Wrist shot by Nico Sturm.
13:32 of 3rd period - Stopped by Charlie Lindgren with a rebound.
13:34 of 3rd period - Snap shot by Nico Sturm.
13:34 of 3rd period - Stopped by Charlie Lindgren with a rebound.
13:57 of 3rd period - Nicholas Baptiste is hit by Barclay Goodrow and loses puck.
14:33 of 3rd period - Wrist shot by Tyler Shattock.
14:33 of 3rd period - Goal by Tyler Shattock - Heat : 6 - Marlies : 2.
14:34 of 3rd period - Colton Sissons wins face-off versus Victor Rask in neutral zone.
14:36 of 3rd period - Minor Penalty to Colton Sissons for Tripping.
14:37 of 3rd period - Linden Vey wins face-off versus Victor Rask in Marlies zone.
14:37 of 3rd period - Linden Vey is hit by Matthew Nieto.
14:44 of 3rd period - Snap shot by Linden Vey.
14:44 of 3rd period - Stopped by Michael Hutchinson without a rebound.
14:45 of 3rd period - Linden Vey wins face-off versus Victor Rask in Heat zone.
15:17 of 3rd period - Off-side.
15:18 of 3rd period - Philip Varone wins face-off versus JT Compher in neutral zone.
15:29 of 3rd period - Snap shot by Philip Varone.
15:29 of 3rd period - Deflect By Evgeny Svechnikov.
15:29 of 3rd period - Shot Misses the Net.
15:29 of 3rd period - Puck is out of play.
15:30 of 3rd period - Linden Vey wins face-off versus Victor Rask in Marlies zone.
16:28 of 3rd period - Snap shot by Jake DeBrusk.
16:28 of 3rd period - Stopped by Charlie Lindgren with a rebound.
16:30 of 3rd period - Minor Penalty to Jeff Corbett for Boarding.
16:31 of 3rd period - Victor Rask wins face-off versus Linden Vey in Marlies zone.
16:36 of 3rd period - Penalty to Colton Sissons is over, Colton Sissons is back on ice.
18:18 of 3rd period - Mathieu Brodeur is hit by Dennis Gilbert and loses puck.
18:30 of 3rd period - Penalty to Jeff Corbett is over, Jeff Corbett is back on ice.
19:32 of 3rd period - Tyler Benson is hit by Barclay Goodrow.
Goals for this period are 3 for Heat vs 2 for Marlies.
Shots for this period are 12 for Heat vs 17 for Marlies.